 Dungeon Crawl Stone Soup version 0.31.0-12-g77e489cdc1 (webtiles) character file.

Game seed: 14424752783112088122

142 sking99 the Ducker (level 5, -6/38 HPs)
             Began as a Minotaur Fire Elementalist on Feb 21, 2024.
             Mangled by a ribbon worm (8 damage)
             ... on level 2 of the Dungeon.
             The game lasted 00:04:04 (2005 turns).

sking99 the Ducker (Minotaur Fire Elementalist)     Turns: 2005, Time: 00:04:05

Health: -6/38      AC:  2    Str: 13    XL:     5   Next: 3%
Magic:  1/6        EV: 12    Int: 14    God:
Gold:   45         SH:  0    Dex: 10    Spells: 4/7 levels left

rFire   . . .        d - +4 dagger
rCold   . . .        j - orb {*channel}
rNeg    . . .        a - +0 robe
rPois   .            (helmet restricted)
rElec   .            (no cloak)
rCorr   .            (no gloves)
SInv    .            (no boots)
Will    .....        (no amulet)
Stlth   ++           (no ring)
HPRegen 0.26/turn    (no ring)
MPRegen 0.10/turn

%: channel magic (20%)
@: no status effects
A: horns 2, retaliatory headbutt
a: no special abilities


You were on level 2 of the Dungeon.
You visited 1 branch of the dungeon, and saw 2 of its levels.

You collected 45 gold pieces.

Inventory:

Hand Weapons
 d - a +4 dagger (weapon)
Missiles
 i - a throwing net
Armour
 a - a +0 robe (worn)
 j - an orb of energy (worn)
Scrolls
 f - a scroll of poison {unknown}
 h - a scroll of fog {unknown}
 k - a scroll of amnesia {unknown}
 l - a scroll of vulnerability {unknown}
Potions
 b - a potion of magic
 c - 3 potions of heal wounds {unknown}
 e - a potion of berserk rage {unknown}
 g - a potion of curing {unknown}


   Skills:
 + Level 3.1 Dodging
 - Level 1.5 Stealth
 + Level 1.9 Spellcasting
 * Level 2.1 Conjurations
 * Level 3.0 Fire Magic


You had 4 spell levels left.
You knew the following spells:

 Your Spells              Type           Power      Damage    Failure   Level
a - Foxfire               Conj/Fire      32%        2x1d5     22%         1
b - Scorch                Fire           18%        2d5       26%         2

Your spell library contained the following spells:

 Spells                   Type           Power      Damage    Failure   Level
 Inner Flame              Hex/Fire       5%         N/A       58%         3
 Volatile Blastmotes      Fire/Tloc      10%        2d10      58%         3
 Flame Wave               Conj/Fire      8%         2d5       82%         4


Dungeon Overview and Level Annotations

Branches:
Dungeon (2/15)

Altars:


Innate Abilities, Weirdness & Mutations

You have a pair of horns on your head.
You reflexively headbutt those who attack you in melee.


Message History

The gnoll is almost dead.
The gnoll closely misses you. You furiously retaliate!
You headbutt the gnoll! The gnoll hits you with a +0 flail.
You puncture the gnoll!
You kill the gnoll!
The gnoll misses you. The gnoll closely misses you. You furiously retaliate!
You headbutt the gnoll.
You kill the gnoll!
The ribbon worm bites you. The gnoll misses you.
You have reached level 5!
Things that are here:
a +0 flail; a gnoll corpse You hit the ribbon worm.
You headbutt the ribbon worm.
The ribbon worm is moderately wounded.
The ribbon worm barely misses you.
The gnoll hits you from afar with a +0 spear!
You hit the ribbon worm. You headbutt the ribbon worm.
The ribbon worm is severely wounded.
The ribbon worm expels a string of sticky webbing.
The stream of webbing hits you but does no damage.
You are caught in a web!
The gnoll hits you from afar with a +0 spear.
You struggle to detach yourself from the web.
The gnoll hits you from afar with a +0 spear.
The web tears apart.
The ribbon worm barely misses you. The gnoll closely misses you.
You hit the ribbon worm. Your headbutt misses the ribbon worm.
The ribbon worm is severely wounded.
The ribbon worm bites you.
The gnoll hits you from afar with a +0 spear.
* * * LOW HITPOINT WARNING * * *
You barely miss the ribbon worm. You headbutt the ribbon worm.
The ribbon worm is severely wounded.
The ribbon worm closely misses you.
The gnoll hits you from afar with a +0 spear.
* * * LOW HITPOINT WARNING * * *
You hit the ribbon worm but do no damage.
The ribbon worm is severely wounded.
The ribbon worm bites you!
You die...

#.# #.# #.#
#.# #.# #.# ##
####.# ..
#.)..# #.
#@#### .. #.
#w#
#K8K##†###g#
$.w^.?S.##.###
#.....$#
#..###.# #..#
... ....# ###
..#...


You could see a ribbon worm (catching breath) and a gnoll.

Vanquished Creatures
  Natasha (D:2)
  4 adders (D:2)
  2 gnolls (D:2)
  A ribbon worm (D:2)
  A dart slug (D:1)
  5 endoplasms
  A giant cockroach (D:1)
  10 goblins (D:1)
  A hobgoblin (D:1)
  8 jackals (D:1)
  4 kobolds
  7 quokkas
  5 ball pythons
  A bat (D:2)
51 creatures vanquished.

Vanquished Creatures (others)
  107 foxfires
107 creatures vanquished.

Grand Total: 158 creatures vanquished

Notes
Turn   | Place    | Note
-------+----------+-------------------------------------------
     0 | D:1      | sking99 the Minotaur Fire Elementalist began the quest for
                  | the Orb.
     0 | D:1      | Reached XP level 1. HP: 14/14 MP: 1/1
   132 | D:1      | Reached skill level 1 in Conjurations
   150 | D:1      | Reached XP level 2. HP: 20/20 MP: 1/3
   557 | D:1      | Reached XP level 3. HP: 26/26 MP: 1/4
   560 | D:1      | Learned a level 2 spell: Scorch
  1557 | D:2      | Noticed Natasha
  1565 | D:2      | Killed Natasha
  1566 | D:2      | Reached XP level 4. HP: 24/33 MP: 1/5
  1999 | D:2      | Reached XP level 5. HP: 32/38 MP: 0/6
  2004 | D:2      | HP: 1/38 [gnoll/+0 spear (6)]
  2005 | D:2      | Mangled by a ribbon worm

Illustrated notes

Levels and vault maps discovered:
D:1:      dpeg_arrival_round_b, layout_basic
D:2:      cheibrodos_pilgrimage, layout_loops_ring, minmay_pentomino_u4,
          uniq_natasha

Skill      XL: |  1  2  3  4 |
---------------+-------------+-----
Conjurations   | 1 2 |  2.1
Dodging        | 3 |  3.1
Fire Magic     | 3 |  3.0
Stealth        | |  1.5
Spellcasting   | |  1.9

Action                     |  1- 3 |  4- 6 || total
---------------------------+-------+-------++-------
  Melee: Unarmed           |    16 |       ||    16
         Headbutt          |     7 |     5 ||    12
         Dagger            |    14 |    23 ||    37
         Punch             |     1 |       ||     1
   Cast: Foxfire           |    45 |    20 ||    65
 Armour: Robe              |    40 |    20 ||    60
  Dodge: Dodged            |    61 |    23 ||    84
